 Dungeon Crawl Stone Soup version 0.30-a0-739-gea05faddec (webtiles) character file.

Game seed: 9910838660562776350

4386 Newt the Basher (level 10, -13/76 HPs)
             Began as a Demonspawn Gladiator on Feb 4, 2023.
             Was an Initiate of Gozag.
             Mangled by an orc knight
             ... wielding a +0 bardiche
              (46 damage)
             ... in a bailey.
             The game lasted 00:10:40 (8176 turns).

Newt the Basher (Demonspawn Gladiator)              Turns: 8176, Time: 00:10:40

Health: -13/76     AC:  9    Str: 19    XL:     10   Next: 13%
Magic:  15/17      EV: 12    Int:  9    God:    Gozag
Gold:   1247       SH:  9    Dex: 21    Spells: 15/19 levels left

rFire   . . .      SeeInvis .    G - +6 shillelagh "Devastator" {shatter}
rCold   + . .      Faith    .    L - +0 buckler
rNeg    . . .      Spirit   .    N - +2 leather armour {rPois}
rPois   +          Reflect  +    c - +1 helmet
rElec   .          Harm     .    (no cloak)
rCorr   .          Rampage  .    (no gloves)
Will    .....                    (no boots)
Stlth   ++                       D - amulet of reflection
HPRegen 0.32/turn                y - +6 ring of dexterity
MPRegen 0.30/turn                J - ring of protection from cold

@: no status effects
A: thin metallic scales 1, magic regeneration, demonic magic 2
a: Renounce Religion, Potion Petition, Call Merchant, Bribe Branch


You were in a bailey.
You worshipped Gozag.
Gozag was most pleased with you.
You visited 1 branch of the dungeon, and saw 8 of its levels.
You also visited: Bailey.

You collected 1484 gold pieces.
You spent 202 gold pieces at shops.
You paid 35 gold pieces to Gozag.

Inventory:

Hand Weapons
 a - a +0 rapier
 g - a +2 whip of draining
 w - a -1 short sword of speed
 C - a +1 dagger of freezing
 G - the +6 shillelagh "Devastator" (weapon) {shatter}
   (You found it on level 5 of the Dungeon)
Missiles
 d - 4 throwing nets
 e - a javelin
 f - 113 stones
 B - 13 poisoned darts
Armour
 b - a +0 leather armour
 c - a +1 helmet (worn)
 L - a +0 buckler (worn)
 N - a +2 leather armour of poison resistance (worn)
Jewellery
 n - an amulet of the acrobat
 y - a +6 ring of dexterity (left hand)
 D - an amulet of reflection (around neck)
 J - a ring of protection from cold (right hand)
Wands
 o - a wand of polymorph (10)
 E - a wand of acid (9)
 K - a wand of mindburst (17)
 O - a wand of paralysis (21)
Scrolls
 j - 2 scrolls of blinking
 k - 4 scrolls of magic mapping
 m - a scroll of vulnerability
 p - 7 scrolls of teleportation
 v - a scroll of enchant armour
 z - 2 scrolls of enchant weapon
 Q - a scroll of immolation
Potions
 h - 3 potions of cancellation
 i - 2 potions of magic
 l - a potion of attraction
 q - a potion of degeneration
 r - 4 potions of lignification
 s - 2 potions of ambrosia
 t - a potion of haste
 u - 3 potions of resistance
 x - 4 potions of curing
 A - 2 potions of berserk rage {unknown}
 F - a potion of brilliance
 H - a potion of might
 I - 2 potions of heal wounds
 M - 3 potions of flight {unknown}


   Skills:
 + Level 6.1 Fighting
 - Level 2.6 Short Blades
 - Level 10.0 Maces & Flails
 - Level 1.7 Throwing
 - Level 2.6 Dodging
 - Level 1.5 Stealth
 - Level 5.0 Spellcasting
 - Level 5.3 Conjurations


You had 15 spell levels left.
You knew the following spells:

 Your Spells              Type           Power      Damage    Failure   Level
a - Magic Dart            Conj           44%        1d5       4%          1
b - Dazzling Flash        Conj/Hex       14%        N/A       38%         3

Your spell library contained the following spells:

 Spells                   Type           Power      Damage    Failure   Level
 Kiss of Death            Conj/Necr      28%        2d7       14%         1
 Call Imp                 Summ           2%         N/A       52%         2
 Mephitic Cloud           Conj/Pois/Air  5%         N/A       52%         3
 Confusing Touch          Hex            2%         N/A       77%         3
 Tukima's Dance           Hex            2%         N/A       77%         3
 Dispel Undead            Necr           2%         3d7       99%         4
 Olgreb's Toxic Radiance  Pois           2%         N/A       99%         4
 Passage of Golubria      Tloc           2%         N/A       99%         4
 Agony                    Necr           2%         N/A       100%        5
 Silence                  Hex/Air        1%         N/A       100%        5
 Yara's Violent Unravell  Hex/Tmut       1%         3d3       100%        5
 Ozocubu's Refrigeration  Ice            1%         4d7       100%        7
 Ignition                 Fire           1%         3d3       100%        8


Dungeon Overview and Level Annotations

Branches:
Dungeon (8/15)             Temple (0/1) D:6          Bailey (1/1)
   Lair: D:8-11

Altars:
Ashenzari
Gozag
Qazlal

Shops:
D:1 (=   D:5 !   D:6 !   D:7 :

Annotations:
D:7 2 transporters, ASSMAN's ghost, novice OgCA


Innate Abilities, Weirdness & Mutations

You are partially covered in thin metallic scales. (AC +2)
You regenerate magic rapidly.
Spells you cast may paralyse nearby enemies.


Message History

The orc knight roars a battlecry!
The orc knight goes into a battle-frenzy!
The orc knight roars a battlecry!
The orc knight goes into a battle-frenzy!
You barely miss the orc knight.
The orc knight is severely wounded.
You block the orc knight's attack.
The orc knight hits you with a +0 bardiche!!
The orc knight hits you from afar with a +0 bardiche!
Okay, then.
The orc knight is distracted by your dazzling golden aura.
There is an open gate here.
Aiming: Corrosive Bolt
Press: ? - help, Shift-Dir - straight line, f - orc knight
Aim: an orc knight, wielding a +0 bardiche and wearing a +0 chain mail (lightly wounded, strong, 68% to hit)
The bolt of acid hits the orc knight!
The orc knight is lightly wounded.
You hear a shout!
The orc knight hits you from afar with a +0 bardiche!
* * * LOW HITPOINT WARNING * * *
You feel much better. The orc knight barely misses you.
The orc knight hits you with a +0 bardiche!
Aiming: Magic Dart (safe; 4% risk of failure)
Press: ? - help, Q - select action, (/) - cycle Shift-Dir - straight line, f/p - orc knight
Aim: an orc knight, wielding a +0 bardiche and wearing a +0 chain mail (lightly wounded, strong, 100% to hit)
The magic dart hits the orc knight but does no damage.
The orc knight is lightly wounded.
Malevolent energies surge around you. The orc knight misses you.
Aiming: Magic Dart (safe; 4% risk of failure)
Press: ? - help, Q - select action, (/) - cycle Shift-Dir - straight line, f/p - orc knight
Aim: an orc knight, wielding a +0 bardiche and wearing a +0 chain mail (lightly wounded, strong, 100% to hit)
The magic dart hits the orc knight.
The orc knight is lightly wounded.
Malevolent energies surge around you. You block the orc knight's attack.
The orc knight hits you from afar with a +0 bardiche!!!
Ouch! That really hurt!
You die...
Your body crumbles into a pile of gold.

.......##..#'#'#..##.............
.......#..##)#)##..#.............
......##.#########.##............
......##.'.#?.:#)'.##............
......##.###.8$###.##............
......##.')#.o$#)'.##............
......##.####'####.##............
......##..##∩.o##..#.............
..........##'''#@.##.............
..........##..oo.##..............
≈≈.≈≈≈....##....##...≈≈≈.≈≈......
≈#.##≈....#######....≈##.#≈≈.....
##)∩#≈...............≈#∩.##≈.....
#)....................))).#≈.....
##.##≈...............≈##.##≈.....
###≈≈...............≈≈###≈≈.....
≈≈≈≈≈.................≈≈≈≈≈......


You could see 2 orc knights.

Vanquished Creatures
  Prince Ribbit (D:7)
  Grum (D:8)
  3 yaks (D:8)
  6 orc warriors (Bailey)
  4 black bears
  2 sky beasts (D:7)
  An ice beast (D:5)
  2 ogres (D:5)
  2 wolves (D:8)
  3 centaurs (D:6)
  2 phantoms (D:4)
  2 kobold brigands
  2 bullfrogs
  A gnoll sergeant (D:6)
  6 wights
  6 killer bees (D:7)
  A jelly (D:8)
  5 orc priests
  A hound (D:7)
  2 iguanas
  A gnoll bouda (D:5)
  8 orc wizards
  8 gnolls
  6 adders
  2 shadow imps (D:6)
  A white imp (D:6)
  An ufetubus (D:6)
  2 worms
  3 dart slugs
  40 orcs
  7 ball pythons
  3 endoplasms
  3 giant cockroaches
  6 goblins
  6 hobgoblins
  16 jackals
  2 quokkas
  5 bats
  5 frilled lizards
  10 kobolds
  6 rats
194 creatures vanquished.

Notes
Turn   | Place    | Note
-------+----------+-------------------------------------------
     0 | D:1      | Newt the Demonspawn Gladiator began the quest for the Orb.
     0 | D:1      | Reached XP level 1. HP: 16/16 MP: 1/1
    47 | D:1      | Reached skill level 1 in Stealth
   325 | D:1      | Found Kowor's Jewellery Emporium.
   394 | D:1      | Gained mutation: Spells you cast may paralyse adjacent
                  | enemies. [demonic ancestry]
   394 | D:1      | Reached XP level 2. HP: 22/22 MP: 2/2
   740 | D:1      | Found Helus's Weapon Emporium.
  1275 | D:2      | Gained mutation: You are partially covered in thin metallic
                  | scales. (AC +2) [demonic ancestry]
  1275 | D:2      | Reached XP level 3. HP: 29/29 MP: 3/3
  1402 | D:2      | Learned a level 1 spell: Magic Dart
  1979 | D:2      | Found an opulent altar of Gozag.
  2216 | D:2      | Became a worshipper of Gozag Ym Sagoz the Greedy
  2482 | D:3      | Reached XP level 4. HP: 37/37 MP: 3/5
  2548 | D:3      | Found an opulent altar of Gozag.
  2615 | D:3      | Found a faded altar of an unknown god.
  2676 | D:3      | Reached skill level 1 in Conjurations
  2758 | D:3      | Reached skill level 1 in Spellcasting
  3531 | D:4      | Found Zin's Purification Station.
  3560 | D:4      | Gained mutation: Spells you cast may paralyse nearby
                  | enemies. [demonic ancestry]
  3560 | D:4      | Reached XP level 5. HP: 42/42 MP: 7/7
  3573 | D:4      | Bought a potion of curing for 90 gold pieces
  3595 | D:4      | Noticed a phantom
  3618 | D:4      | Killed a phantom
  3740 | D:4      | Gained mutation: You regenerate magic rapidly. [demonic
                  | ancestry]
  3740 | D:4      | Reached XP level 6. HP: 48/48 MP: 9/9
  4378 | D:5      | Entered Level 5 of the Dungeon
  4403 | D:5      | Found Eriumuse's Distillery.
  4420 | D:5      | Bought a potion of brilliance for 52 gold pieces
  4650 | D:5      | Found the +6 shillelagh "Devastator" {shatter}
  4659 | D:5      | Reached XP level 7. HP: 21/54 MP: 8/12
  4886 | D:5      | Reached skill level 5 in Conjurations
  5031 | D:5      | Reached skill level 5 in Spellcasting
  5041 | D:5      | Reached skill level 1 in Maces & Flails
  5259 | D:5      | Reached XP level 8. HP: 58/60 MP: 15/15
  5467 | D:5      | Learned a level 3 spell: Dazzling Flash
  5509 | D:6      | Reached skill level 2 in Maces & Flails
  5642 | D:6      | Reached skill level 3 in Maces & Flails
  5646 | D:6      | Reached skill level 4 in Maces & Flails
  5786 | D:6      | Found Xugus's Distillery.
  5793 | D:6      | Bought a potion of heal wounds for 60 gold pieces
  5866 | D:6      | Reached skill level 5 in Maces & Flails
  5997 | D:6      | Reached skill level 6 in Maces & Flails
  6420 | D:6      | Found a staircase to the Ecumenical Temple.
  6477 | D:7      | Reached XP level 9. HP: 33/65 MP: 14/16
  6478 | D:7      | Reached skill level 7 in Maces & Flails
  6480 | D:7      | Noticed ASSMAN's ghost (novice OgCA)
  6756 | D:7      | Noticed Prince Ribbit
  6765 | D:7      | Killed Prince Ribbit
  6966 | D:7      | Found Ofrofema's Self-Improvement Boutique.
  7015 | D:7      | Reached skill level 8 in Maces & Flails
  7309 | D:7      | Found a transporter.
  7314 | D:7      | Found a transporter.
  7422 | D:7      | Found a broken altar of Ashenzari.
  7422 | D:7      | Found a stormy altar of Qazlal.
  7426 | D:7      | Reached skill level 9 in Maces & Flails
  7508 | D:8      | Noticed Grum
  7513 | D:8      | Reached skill level 10 in Maces & Flails
  7521 | D:8      | Killed Grum
  7536 | D:8      | Found a flagged portal.
  7543 | D:8      | Identified the +4 halberd "Gram" {freeze, Fly}
  7546 | Bailey   | Entered a bailey
  7689 | Bailey   | Reached skill level 5 in Fighting
  7689 | Bailey   | Reached XP level 10. HP: 71/74 MP: 17/17
  8161 | Bailey   | Noticed an orc knight
  8161 | Bailey   | Noticed an orc knight
  8176 | Bailey   | Mangled by an orc knight

Illustrated notes

Levels and vault maps discovered:
D:1:      dpeg_arrival_pits, layout_basic, serial_shops, shop,
          nicolae_shop_competitors_out_of_business
D:2:      layout_loops_corners, basic_altar, grunt_ministairs_13, minmay_puff
D:3:      layout_loops_corners, nicolae_gozag_cash_rules_everything_around_me,
          ebering_ecumenical_altar_rust, minmay_misc_feat_enclosed
D:4:      layout_loops_cross, zin_purify, nicolae_nh_ransacked_shop
D:5:      layout_cave_pods, serial_shops, shop, dilly_guarded_unrand_devastator
D:6:      layout_rooms, minmay_temple_entry_drinking_statues, serial_shops,
          nicolae_shop_trees
D:7:      layout_gridville, gammafunk_temple_overflow_elements,
          gammafunk_ghost_arena, nicolae_shop_self_help, uniq_prince_ribbit1
D:8:      layout_basic, grunt_temple_overflow_holy_war, enter_bailey_2,
          ebering_ghost_inner_flame, uniq_erica, uniq_grum
Bailey:   bailey_polearm_2, bailey

Skill      XL: |  1  2  3  4  5  6  7  8  9 10 |
---------------+-------------------------------+-----
Stealth        | 1 |  1.5
Fighting       | 3 4 5 6 |  6.1
Conjurations   | 1 2 4 5 |  5.3
Spellcasting   | 1 2 3 5 |  5.0
Maces & Flails | 1 6 10 | 10.0
Short Blades   | |  2.6
Throwing       | |  1.7
Dodging        | |  2.6

Action                     |  1- 3 |  4- 6 |  7- 9 | 10-12 || total
---------------------------+-------+-------+-------+-------++-------
  Melee: Rapier            |    12 |       |       |       ||    12
         Whip              |   130 |   106 |       |       ||   236
         Dagger            |       |    51 |     2 |       ||    53
         Punch             |       |     2 |     1 |       ||     3
         Shillelagh        |       |       |   160 |    29 ||   189
  Throw: Javelin           |     1 |       |       |       ||     1
   Cast: Magic Dart        |       |    18 |    13 |     5 ||    36
  Evoke: Wand              |       |       |       |     1 ||     1
    Use: Scroll            |    13 |     4 |     2 |       ||    19
         Potion            |       |     1 |       |     1 ||     2
   Stab: Sleeping          |     1 |     6 |       |     2 ||     9
         Paralysed         |       |     6 |    13 |     2 ||    21
         Distracted        |       |     1 |     3 |       ||     4
 Armour: Leather armour    |    46 |    63 |    50 |     1 ||   160
  Dodge: Dodged            |   136 |    78 |   142 |     8 ||   364
  Block: Buckler           |       |       |    57 |    15 ||    72
         Other             |       |       |     3 |       ||     3
         Reflection        |       |       |     8 |     3 ||    11

Table legend: (Time is in decaauts)
 A = Elapsed time spent in this place.
 B = Non-inter-level travel time spent in this place.
 C = Inter-level travel time spent in this place.
 D = Time resting spent in this place.
 E = Time spent auto-exploring this place.
 F = Levels seen in this place.
 G = Mean time per level.
                   A        B        C        D        E       F      G
               +--------+--------+--------+--------+--------+-----+--------+
         Total |   8190 |   7960 |    230 |   1380 |   5274 |   9 |  910.0 |
       Dungeon |   7566 |   7336 |    230 |   1266 |   4870 |   8 |  945.8 |
        Bailey |    623 |    623 |      0 |    114 |    404 |   1 |  623.0 |
               +--------+--------+--------+--------+--------+-----+--------+

Top non-repeatable levels by time:
     D:3: 1227 daAuts
     D:6: 1176 daAuts
     D:2: 1164 daAuts
     D:5: 1132 daAuts
     D:1: 1084 daAuts
     D:4: 919 daAuts
     D:7: 779 daAuts
  Bailey: 623 daAuts
     D:8: 81 daAuts
